 Dungeon Crawl Stone Soup version 0.23.2 (webtiles) character file.

Game seed: 13987937700741827941

426 Gargoyl the Skirmisher (level 6, -1/52 HPs)
             Began as a Centaur Abyssal Knight on Apr 10, 2019.
             Was a Priest of Lugonu.
             Killed by divine providence
             ... invoked by an orc priest
              (12 damage)
             ... on level 4 of the Dungeon.
             The game lasted 00:06:14 (4583 turns).

Gargoyl the Skirmisher (Centaur Abyssal Knight)     Turns: 4583, Time: 00:06:14

Health: -1/52      AC:  7    Str: 15    XL:     6   Next: 64%
Magic:  8/8        EV:  9    Int: 11    God:    Lugonu [***...]
Gold:   138        SH:  0    Dex: 10    Spells: 5/5 levels left

rFire    . . .     SeeInvis .   a - +1 hand axe
rCold    . . .     Gourm    .   (no shield)
rNeg     . . .     Faith    .   o - +0 ring mail
rPois    +         Spirit   .   (no helmet)
rElec    .         Reflect  .   (no cloak)
rCorr    .         Harm     .   h - +0 pair of gloves
MR       .....                  (no barding)
Stlth    ..........             (no amulet)
HPRegen  0.17/turn              e - ring of poison resistance
MPRegen  0.11/turn              (no ring)

@: very quick
A: large, hooves 3, deformed body, speed 2, tough skin 3
a: Depart the Abyss, Bend Space, Banish, Renounce Religion


You were on level 4 of the Dungeon.
You worshipped Lugonu.
Lugonu was most pleased with you.
You were hungry.

You visited 1 branch of the dungeon, and saw 4 of its levels.
You visited the Abyss 1 time.

You collected 226 gold pieces.
You spent 88 gold pieces at shops.

Inventory:

Hand Weapons
 a - a +1 hand axe (weapon)
Missiles
 l - 6 tomahawks (quivered)
Armour
 h - a +0 pair of gloves (worn)
 o - a +0 ring mail (worn)
Jewellery
 e - a ring of poison resistance (left hand)
Scrolls
 d - 2 scrolls of identify
 g - 4 scrolls of teleportation
 i - a scroll of amnesia
 m - 3 scrolls of enchant weapon {unknown}
Potions
 f - 3 potions of heal wounds
 k - a potion of resistance
 n - a potion of curing
Comestibles
 c - 3 rations


   Skills:
 + Level 3.9 Fighting
 + Level 3.8 Axes
 * Level 2.8 Armour
 * Level 2.1 Dodging
 * Level 3.4 Invocations


You had 5 spell levels left.
You didn't know any spells.
Your spell library contained the following spells:

 Spells                   Type           Power        Failure   Level  Hunger
 Beastly Appendage        Tmut           #.....       56%         1    ##.....
 Sticks to Snakes         Tmut           #.......     71%         2    ###....
 Spider Form              Tmut/Pois      #.........   90%         3    ####...
 Ice Form                 Ice/Tmut       #.......     100%        4    #####..
 Blade Hands              Tmut           #.........   100%        5    ######.


Dungeon Overview and Level Annotations

Branches:
Dungeon (4/15)
 Temple: D:4-7

Altars:
Sif Muna

Shops:
D:4 !


Innate Abilities, Weirdness & Mutations

You have hooves in place of feet.
Armour fits poorly on your strangely shaped body.
You cover ground very quickly.
You have extremely tough skin. (AC +3)


Message History

The orc priest hits you but does no damage.
You hit the orc priest. You kick the orc priest.
The orc priest is almost dead.
You hit the orc wizard. You hit the orc. The orc wizard closely misses you.
The orc barely misses you.
The orc wizard hits you with a +0 dagger.
The orc priest hits you but does no damage.
Unknown command.
You closely miss the orc priest.
The orc priest is almost dead.
You barely miss the orc.
You hit the orc wizard but do no damage.
The orc hits you with a +0 whip.
* * * LOW HITPOINT WARNING * * *
The orc wizard points at you and mumbles some strange words.
The puff of flame hits you.
* * * LOW HITPOINT WARNING * * *
The orc priest mumbles some strange prayers to Beogh against you.
Beogh smites you!
You die...

.##.#.###.........†...####.......
....#......#######.......#..#####
###.#####..# #...###.#..# ###.#
#..# ####..........# ....# #.>#
#......#.#.######
###.#####..####......#........#
[........<....#...#..#..#####.#
###.#####.[##.##o##..#..# #.#
#....<........@o......# #.###
#####.#..######o#..#..# #....
#.#..# ###..##.#####.#.. ##
#.#..# #...##.......#.# ...
#.##.# #...####.#####.# ###
#.#### ##.## #.# #.# #.# #.# #.#
#.# #.######+##o#.# #.#####.#
#........o.o#.#####>##.....


You could see an orc priest, an orc wizard and an orc.

Vanquished Creatures
  A scorpion (D:4)
  6 orc wizards
  5 adders
  3 gnolls (D:4)
  2 oozes
  2 worms
  3 dart slugs
  7 leopard geckos
  11 orcs
  A ball python (D:2)
  5 giant cockroaches
  7 goblins
  9 hobgoblins
  7 jackals
  A quokka (D:2)
  11 bats
  7 frilled lizards
  15 kobolds
  5 rats
108 creatures vanquished.

Notes
Turn   | Place    | Note
-------+----------+-------------------------------------------
     0 | Abyss:1  | Gargoyl the Centaur Abyssal Knight began the quest for the
                  | Orb.
     0 | Abyss:1  | Reached XP level 1. HP: 19/19 MP: 2/2
    60 | Abyss:2  | Noticed a thrashing horror
    64 | Abyss:2  | Noticed a ynoxinul
    66 | D:1      | Escaped the Abyss
   505 | D:1      | Reached XP level 2. HP: 18/26 MP: 3/3
   609 | D:1      | Reached * piety under Lugonu
  1068 | D:1      | Reached skill level 1 in Dodging
  1137 | D:1      | Reached XP level 3. HP: 29/31 MP: 4/4
  1964 | D:2      | Reached XP level 4. HP: 38/38 MP: 5/5
  2065 | D:2      | Reached ** piety under Lugonu
  2963 | D:3      | Reached XP level 5. HP: 43/45 MP: 7/7
  3511 | D:4      | Reached XP level 6. HP: 52/52 MP: 8/8
  3649 | D:4      | Found Kiuheag's Distillery.
  3658 | D:4      | Bought a potion of heal wounds for 55 gold pieces
  3658 | D:4      | Bought a potion of curing for 33 gold pieces
  3989 | D:4      | Reached *** piety under Lugonu
  4287 | D:4      | Found a deep blue altar of Sif Muna.
  4583 | D:4      | Killed from afar by an orc priest

Skill      XL: |  1  2  3  4  5  6 |
---------------+-------------------+-----
Dodging        | 1 2 |  2.1
Axes           | 2 3 |  3.8
Armour         | 2 |  2.8
Invocations    | 3 |  3.4
Fighting       | |  3.9

Action                   |  1- 3 |  4- 6 || total
-------------------------+-------+-------++-------
Melee: Hand axe          |   130 |   218 ||   348
       Kick              |    19 |    39 ||    58
Invok: Depart the Abyss  |     1 |       ||     1
  Use: Scroll            |     3 |     3 ||     6
       Potion            |       |     3 ||     3
  Eat: Chunk             |     3 |     6 ||     9
Armor: Leather armour    |    67 |    65 ||   132
       Ring mail         |       |    52 ||    52
Dodge: Dodged            |   103 |   126 ||   229
